BSA
BAFFIN ISLAND BEAVERS @ SAN FRANCISCO BANDITS
05/13/2029
 
TOP OF THE 1ST
Baffin Island Beavers batting - Pitching for San Francisco Bandits : LHP Esteban Peña
Pitching: LHP Esteban Peña
Batting: RHB Alden Isenhood 0-0: Ground out 5-3 (Groundball, 56)
Batting: RHB Tony Morton 0-0: Ball
1-0: Called Strike
1-1: Ball
2-1: Swinging Strike
2-2: Ball
3-2: Foul Ball, location: 2F
3-2: Fly out, F7 (Flyball, 78D)
Batting: RHB Dave Craig 0-0: Called Strike
0-1: Foul Ball, location: 2F
0-2: Foul Ball, location: 2F
0-2: Foul Ball, location: 2F
0-2: Ball
1-2: Ball
2-2: Foul Ball, location: 2F
2-2: Ball
3-2: Foul Ball, location: 2F
3-2: Fly out, F3 (Line Drive, 3)
Top of the 1st over - 0 runs, 0 hits, 0 errors, 0 left on base; Baffin Island 0 - San Francisco 0
BOTTOM OF THE 1ST
San Francisco Bandits batting - Pitching for Baffin Island Beavers : RHP Thierry Garneau
Pitching: RHP Thierry Garneau
Batting: RHB Glenn Melican 0-0: Called Strike
0-1: Ball
1-1: SINGLE (Groundball, 6MD)
Batting: RHB Scott Merritt 0-0: Ball
1-0: Foul Ball, location: 2F
1-1: Fly out, F9 (Flyball, 9)
Batting: RHB Owen Carter 0-0: Foul Ball, location: 2F
0-1: Ball
1-1: Ball
2-1: SINGLE (Line Drive, 3D)
Glenn Melican to second
Runner from 2nd tries for 3rd, SAFE, throw made to third
Batting: LHB Anacleto Morillo 0-0: Swinging Strike
0-1: Fly out, F7 (Flyball, 7LSF)
Runner from 3rd tags up, SCORES, no throw
Now in LF: Tomás Díaz
Batting: RHB Michael Elliott 0-0: Foul Ball, location: 2F
0-1: Ball
1-1: Called Strike
1-2: Strikes out swinging
Bottom of the 1st over - 1 run, 2 hits, 0 errors, 1 left on base; Baffin Island 0 - San Francisco 1
TOP OF THE 2ND
Baffin Island Beavers batting - Pitching for San Francisco Bandits : LHP Esteban Peña
Batting: RHB Felipe Rivera 0-0: Foul Ball, location: 2F
0-1: Ball
1-1: Ball
2-1: Fly out, F7 (Flyball, 7LM)
Batting: RHB Tomás Díaz 0-0: Foul Ball, location: 2F
0-1: Ball
1-1: Called Strike
1-2: Ball
2-2: Ball
3-2: Strikes out swinging
Batting: RHB Jonathan MacVey 0-0: SINGLE (Line Drive, 78S)
Batting: LHB César Valentín 0-0: Ball
1-0: Foul Ball, location: 2F
1-1: Foul Ball, location: 2F
1-2: Foul Ball, location: 2F
1-2: Ball
2-2: Foul Ball, location: 2F
2-2: Fielders Choice at 2nd, 5-4 (Groundball, 5)
Top of the 2nd over - 0 runs, 1 hit, 0 errors, 1 left on base; Baffin Island 0 - San Francisco 1
BOTTOM OF THE 2ND
San Francisco Bandits batting - Pitching for Baffin Island Beavers : RHP Thierry Garneau
Batting: LHB Alan McGilroy 0-0: Ball
1-0: Ball
2-0: Foul Ball, location: 2F
2-1: Ball
3-1: Called Strike
3-2: Ground out 4-3 (Groundball, 4)
Batting: RHB Javier Ramírez 0-0: Foul Ball, location: 2F
0-1: Fly out, F7 (Flyball, 7D)
Batting: RHB Naomichi Aoki 0-0: Foul Ball, location: 2F
0-1: Foul Ball, location: 2F
0-2: Ball
1-2: Ball
2-2: Ball
3-2: Foul Ball, location: 2F
3-2: SINGLE (Line Drive, 56D)
Batting: RHB David Crespo 0-0: Fielders Choice at 2nd, 6-4 (Groundball, 6)
Bottom of the 2nd over - 0 runs, 1 hit, 0 errors, 1 left on base; Baffin Island 0 - San Francisco 1
TOP OF THE 3RD
Baffin Island Beavers batting - Pitching for San Francisco Bandits : LHP Esteban Peña
Batting: LHB Howard Evans 0-0: Ball
1-0: Fly out, F4 (Popup, 4D)
Batting: LHB Mike MacFadden 0-0: Fly out, F9 (Line Drive, 9D)
Batting: RHB Alden Isenhood 0-0: Ball
1-0: Called Strike
1-1: Foul Ball, location: 2F
1-2: Ball
2-2: Foul Ball, location: 2F
2-2: Foul Ball, location: 2F
2-2: Ground out 1-3 (Groundball, 13)
Top of the 3rd over - 0 runs, 0 hits, 0 errors, 0 left on base; Baffin Island 0 - San Francisco 1
BOTTOM OF THE 3RD
San Francisco Bandits batting - Pitching for Baffin Island Beavers : RHP Thierry Garneau
Batting: RHB Glenn Melican 0-0: Ball
1-0: Foul Ball, location: 2F
1-1: Fly out, F6 (Line Drive, 6M)
Batting: RHB Scott Merritt 0-0: Ball
1-0: Ground out 4-3 (Groundball, 4)
Batting: RHB Owen Carter 0-0: Called Strike
0-1: Called Strike
0-2: Ball
1-2: Ball
2-2: Ball
3-2: Fly out, F6 (Popup, 6M)
Bottom of the 3rd over - 0 runs, 0 hits, 0 errors, 0 left on base; Baffin Island 0 - San Francisco 1
TOP OF THE 4TH
Baffin Island Beavers batting - Pitching for San Francisco Bandits : LHP Esteban Peña
Batting: RHB Tony Morton 0-0: Swinging Strike
0-1: Ball
1-1: Ball
2-1: Ball
3-1: Base on Balls
Batting: RHB Dave Craig 0-0: Ball
1-0: Ball
2-0: Swinging Strike
2-1: Ball
3-1: Base on Balls
Tony Morton to second
Batting: RHB Felipe Rivera 0-0: Ground out 5-3 (Groundball, 2L)
Tony Morton to third
Dave Craig to second
Batting: RHB Tomás Díaz 0-0: Ball
1-0: Fly out, F6 (Line Drive, 6M)
Batting: RHB Jonathan MacVey 0-0: Ball
1-0: Called Strike
1-1: SINGLE (Groundball, 56D)
Tony Morton scores
Dave Craig to third
Runner from 3rd tries for Home, SAFE, no throw
Batting: LHB César Valentín 0-0: Ball
1-0: Ball
Throwing error on steal attempt, E2
Jonathan MacVey to third
2-0: Called Strike
2-1: Ball
3-1: Base on Balls
Batting: LHB Howard Evans 0-0: Ball
1-0: Called Strike
1-1: Ground out 4-3 (Groundball, 34D)
Top of the 4th over - 2 runs, 1 hit, 1 error, 2 left on base; Baffin Island 2 - San Francisco 1
BOTTOM OF THE 4TH
San Francisco Bandits batting - Pitching for Baffin Island Beavers : RHP Thierry Garneau
Batting: LHB Anacleto Morillo 0-0: Ball
1-0: Ball
2-0: Foul Ball, location: 2F
2-1: Foul Ball, location: 2F
2-2: SOLO HOME RUN (Flyball, 9LD), Distance : 334 ft
Batting: RHB Michael Elliott 0-0: Ground out 1-3 (Groundball, 13)
Batting: LHB Alan McGilroy 0-0: Called Strike
0-1: Swinging Strike
0-2: Ground out 5-3 (Groundball, 56)
Batting: RHB Javier Ramírez 0-0: Called Strike
0-1: Ball
1-1: Ball
2-1: Fly out, F7 (Flyball, 7S)
Bottom of the 4th over - 1 run, 1 hit, 0 errors, 0 left on base; Baffin Island 2 - San Francisco 2
TOP OF THE 5TH
Baffin Island Beavers batting - Pitching for San Francisco Bandits : LHP Esteban Peña
Batting: LHB Mike MacFadden 0-0: Ball
1-0: Ball
2-0: Ball
3-0: Fly out, F5 (Line Drive, 5S)
Batting: RHB Alden Isenhood 0-0: Fly out, F8 (Line Drive, 8LS)
Batting: RHB Tony Morton 0-0: Ball
1-0: Ball
2-0: Called Strike
2-1: Fly out, F9 (Flyball, 9)
Top of the 5th over - 0 runs, 0 hits, 0 errors, 0 left on base; Baffin Island 2 - San Francisco 2
BOTTOM OF THE 5TH
San Francisco Bandits batting - Pitching for Baffin Island Beavers : RHP Thierry Garneau
Batting: RHB Naomichi Aoki 0-0: Ball
1-0: Ball
2-0: Fly out, F8 (Flyball, 8LM)
Batting: RHB David Crespo 0-0: Foul Ball, location: 2F
0-1: Ball
1-1: Foul Ball, location: 2F
1-2: Ground out 5-3 (Groundball, 56)
Batting: RHB Glenn Melican 0-0: Called Strike
0-1: Ball
1-1: Ball
2-1: Fly out, F9 (Flyball, 9)
Bottom of the 5th over - 0 runs, 0 hits, 0 errors, 0 left on base; Baffin Island 2 - San Francisco 2
TOP OF THE 6TH
Baffin Island Beavers batting - Pitching for San Francisco Bandits : LHP Esteban Peña
Batting: RHB Dave Craig 0-0: Called Strike
0-1: Ball
1-1: Ball
2-1: Foul Ball, location: 2F
2-2: Ball
3-2: Base on Balls
Batting: RHB Felipe Rivera 0-0: Called Strike
0-1: Foul Ball, location: 2F
0-2: Fly out, F9 (Flyball, 9D)
Pitching: RHP Carlos Ledezma
Batting: RHB Tomás Díaz 0-0: Ball
Dave Craig steals 2nd base
1-0: SINGLE (Groundball, 6MD)
Dave Craig to third
Runner from 3rd tries for Home, throw and OUT!
Tomás Díaz to second
Batting: RHB Jonathan MacVey 0-0: Fly out, F7 (Flyball, 7)
Top of the 6th over - 0 runs, 1 hit, 0 errors, 1 left on base; Baffin Island 2 - San Francisco 2
BOTTOM OF THE 6TH
San Francisco Bandits batting - Pitching for Baffin Island Beavers : RHP Thierry Garneau
Batting: RHB Scott Merritt 0-0: Ball
1-0: Fly out, F8 (Line Drive, 8LS)
Batting: RHB Owen Carter 0-0: Ball
1-0: Ball
2-0: Foul Ball, location: 2F
2-1: Foul Ball, location: 2F
2-2: Ball
3-2: Ground out 4-3 (Groundball, 4)
Batting: LHB Anacleto Morillo 0-0: Called Strike
0-1: Ball
1-1: Ball
2-1: Ball
3-1: Called Strike
3-2: Ground out 6-3 (Groundball, 6)
Bottom of the 6th over - 0 runs, 0 hits, 0 errors, 0 left on base; Baffin Island 2 - San Francisco 2
TOP OF THE 7TH
Baffin Island Beavers batting - Pitching for San Francisco Bandits : RHP Carlos Ledezma
Batting: LHB César Valentín 0-0: Foul Ball, location: 2F
0-1: Ball
1-1: Ground out 5-3 (Groundball, 56)
Batting: LHB Howard Evans 0-0: Ball
1-0: Called Strike
1-1: Fly out, F7 (Flyball, 78M)
Batting: LHB Mike MacFadden 0-0: Called Strike
0-1: Ball
1-1: Swinging Strike
1-2: Foul Ball, location: 2F
1-2: Ball
2-2: SINGLE (Flyball, 89S)
Batting: RHB Alden Isenhood 0-0: SINGLE (Groundball, 56) (infield hit)
Mike MacFadden to second
Batting: RHB Tony Morton 0-0: Ball
1-0: Ball
2-0: Called Strike
2-1: Ball
3-1: Foul Ball, location: 2F
3-2: Fly out, F7 (Line Drive, 7)
Top of the 7th over - 0 runs, 2 hits, 0 errors, 2 left on base; Baffin Island 2 - San Francisco 2
BOTTOM OF THE 7TH
San Francisco Bandits batting - Pitching for Baffin Island Beavers : RHP Thierry Garneau
Batting: RHB Michael Elliott 0-0: Swinging Strike
0-1: Foul Ball, location: 2F
0-2: Ball
1-2: Strikes out swinging
Batting: LHB Alan McGilroy 0-0: Foul Ball, location: 2F
0-1: Called Strike
0-2: SINGLE (Flyball, 4D)
Batting: RHB Javier Ramírez 0-0: Ball
1-0: Foul Ball, location: 2F
1-1: Ball
2-1: SINGLE (Groundball, 56D)
Alan McGilroy to second
Batting: RHB Naomichi Aoki 0-0: Ball
1-0: Foul Ball, location: 2F
1-1: Foul Ball, location: 2F
1-2: Foul Ball, location: 2F
1-2: Ball
2-2: Ball
3-2: Foul Ball, location: 2F
3-2: Foul Ball, location: 2F
3-2: Ground out 6-3 (Groundball, 6MS)
Alan McGilroy to third
Javier Ramírez to second
Pitching: RHP Tony Rocha
Batting: RHB David Crespo 0-0: Called Strike
0-1: DOUBLE (Line Drive, 7D)
Alan McGilroy scores
Javier Ramírez scores
Batting: RHB Glenn Melican 0-0: Ball
1-0: Foul Ball, location: 2F
1-1: Ground out 5-3 (Groundball, 56)
Bottom of the 7th over - 2 runs, 3 hits, 0 errors, 1 left on base; Baffin Island 2 - San Francisco 4
TOP OF THE 8TH
Baffin Island Beavers batting - Pitching for San Francisco Bandits : RHP Carlos Ledezma
Batting: RHB Dave Craig 0-0: Called Strike
0-1: Ball
1-1: Ball
2-1: Swinging Strike
2-2: Foul Ball, location: 2F
2-2: Strikes out swinging
Batting: RHB Felipe Rivera 0-0: SINGLE (Line Drive, 6D)
Batting: RHB Tomás Díaz 0-0: Ball
1-0: Called Strike
1-1: Ball
2-1: Foul Ball, location: 2F
2-2: Foul Ball, location: 2F
2-2: SINGLE (Groundball, 34D)
Felipe Rivera to second
Runner from 2nd tries for 3rd, SAFE, no throw
Pitching: RHP Mal Park
Batting: RHB Jonathan MacVey 0-0: Ball
1-0: Grounds into double play, 6-4-3 (Groundball, 56)
Top of the 8th over - 0 runs, 2 hits, 0 errors, 1 left on base; Baffin Island 2 - San Francisco 4
BOTTOM OF THE 8TH
San Francisco Bandits batting - Pitching for Baffin Island Beavers : RHP Tony Rocha
Batting: RHB Scott Merritt 0-0: Called Strike
0-1: Swinging Strike
0-2: Ball
1-2: Foul Ball, location: 2F
1-2: Strikes out swinging
Batting: RHB Owen Carter 0-0: Ball
1-0: Ground out 6-3 (Groundball, 6)
Pitching: LHP Roberto Barrón
Batting: LHB Anacleto Morillo 0-0: SOLO HOME RUN (Flyball, 78XD), Distance : 382 ft
Pitching: RHP Beau Brown
Batting: RHB Michael Elliott 0-0: Called Strike
0-1: Foul Ball, location: 2F
0-2: Foul Ball, location: 2F
0-2: Ball
1-2: Ball
2-2: Fly out, F8 (Flyball, 8RD)
Bottom of the 8th over - 1 run, 1 hit, 0 errors, 0 left on base; Baffin Island 2 - San Francisco 5
TOP OF THE 9TH
Baffin Island Beavers batting - Pitching for San Francisco Bandits : RHP Mal Park
Pitching: RHP Kunihiko Daikawa
Batting: LHB César Valentín 0-0: Called Strike
0-1: Ball
1-1: Ball
2-1: Foul Ball, location: 2F
2-2: Foul Ball, location: 2F
2-2: Ball
3-2: Fly out, F4 (Flyball, 34D)
Batting: LHB Howard Evans 0-0: Ball
1-0: Called Strike
1-1: Ball
2-1: Fly out, F6 (Popup, 6)
Batting: LHB Mike MacFadden 0-0: Called Strike
0-1: Ground out 1-3 (Groundball, P)
Top of the 9th over - 0 runs, 0 hits, 0 errors, 0 left on base; Baffin Island 2 - San Francisco 5
Saturday, December 16th, 2017 - OOTP Baseball 18.8 Build 76